 Dungeon Crawl Stone Soup version 0.29.1-2-gbd0b4ee654 (webtiles) character file.

Game seed: 13064659620961502842

1768 raph the Geomancer (level 8, 0/45 HPs)
             Began as a Deep Elf Earth Elementalist on Nov 30, 2022.
             Was a Believer of Kikubaaqudgha.
             Shot with an arrow by a centaur (10 damage)
             ... on level 6 of the Dungeon.
             The game lasted 00:11:37 (7511 turns).

raph the Geomancer (Deep Elf Earth Elementalist)    Turns: 7511, Time: 00:11:37

Health: 0/45       AC:  7    Str:  5    XL:     8   Next: 80%
Magic:  17/18      EV: 33    Int: 23    God:    Kikubaaqudgha [**....]
Gold:   231        SH:  0    Dex: 15    Spells: 0/17 levels left

rFire   + . .      SeeInvis .   v - +2 dagger (venom)
rCold   . . .      Faith    .   (no shield)
rNeg    . . .      Spirit   .   m - +1 animal skin
rPois   .          Reflect  .   y - +2 hat
rElec   .          Harm     .   s - +0 cloak
rCorr   .          Rampage  .   (no gloves)
Will    .....                   w - +0 pair of boots
Stlth   ++........              u - amulet of the acrobat
HPRegen 0.15/turn               t - +4 ring of evasion
MPRegen 0.16/turn               r - ring of protection from fire

@: acrobatic
A: no striking features
a: Renounce Religion, Unearth Wretches


You were on level 6 of the Dungeon.
You worshipped Kikubaaqudgha.
Kikubaaqudgha was pleased with you.
You visited 1 branch of the dungeon, and saw 6 of its levels.
You also visited: Sewer.

You collected 231 gold pieces.

Inventory:

Hand Weapons
 c - a +0 short sword
 q - a +4 antimagic dagger
 v - a +2 dagger of venom (weapon)
Missiles
 i - 7 poisoned darts
 B - 3 silver javelins
Armour
 a - a +0 robe
 m - a +1 animal skin (worn)
 n - a +0 helmet
 s - a +0 cloak (worn)
 w - a +0 pair of boots (worn)
 y - a +2 hat (worn)
Jewellery
 o - a ring of poison resistance
 r - a ring of protection from fire (right hand)
 t - a +4 ring of evasion (left hand)
 u - an amulet of the acrobat (around neck)
 x - a +6 ring of dexterity
Wands
 A - a wand of iceblast (6)
 C - a wand of paralysis (8)
Scrolls
 f - 2 scrolls of butterflies
 l - 6 scrolls of teleportation
 D - a scroll of immolation
 E - a scroll of blinking
 H - a scroll of enchant weapon
Potions
 b - 2 potions of magic
 d - 3 potions of might
 e - a potion of berserk rage
 g - 2 potions of heal wounds
 h - 4 potions of curing
 j - 3 potions of flight {unknown}
 k - a potion of resistance {unknown}
 p - 4 potions of mutation
 z - a potion of haste {unknown}
 F - 2 potions of brilliance {unknown}
 G - a potion of ambrosia {unknown}


   Skills:
 + Level 2.5 Fighting
 + Level 4.7 Dodging
 - Level 2.4 Stealth
 + Level 5.3 Spellcasting
 - Level 5.3 Conjurations
 + Level 1.1 Hexes
 + Level 3.7 Necromancy
 - Level 1.1 Transmutations
 * Level 8.7 Earth Magic


You couldn't memorise any spells.
You knew the following spells:

 Your Spells              Type           Power      Damage    Failure   Level
a - Sandblast             Erth           92%        2d19      1%          1
b - Passwall              Tmut/Erth      23%        N/A       1%          2
c - Stone Arrow           Conj/Erth      76%        3d11      1%          3
d - Petrify               Tmut/Erth      28%        N/A       12%         4
e - Vampiric Draining     Necr           23%        2d7       6%          3
f - Anguish               Hex/Necr       8%         N/A       32%         4

Your spell library contained the following spells:

 Spells                   Type           Power      Damage    Failure   Level
 Necrotise                Necr           92%        1d8       1%          1
 Sublimation of Blood     Necr           23%        N/A       3%          2
 Wereblood                Tmut           11%        N/A       9%          2
 Ensorcelled Hibernation  Hex/Ice        16%        N/A       11%         2
 Tukima's Dance           Hex            11%        N/A       17%         3
 Portal Projectile        Hex/Tloc       16%        N/A       22%         3
 Spider Form              Tmut/Pois      8%         N/A       22%         3
 Olgreb's Toxic Radiance  Pois           6%         N/A       65%         4
 Freezing Cloud           Conj/Ice/Air   7%         6-21      77%         5
 Blade Hands              Tmut           5%         N/A       85%         5
 Simulacrum               Ice/Necr       7%         N/A       100%        6
 Ozocubu's Refrigeration  Ice            3%         4d8       100%        7
 Summon Hydra             Summ           3%         N/A       100%        7
 Ignition                 Fire           3%         3d4       100%        8
 Polar Vortex             Ice            3%         N/A       100%        9


Dungeon Overview and Level Annotations

Branches:
Dungeon (6/15)             Temple (0/1) D:6           Sewer (visited)

Altars:
Ashenzari
Kikubaaqudgha
Nemelex Xobeh
Ru
Sif Muna
Vehumet
The Shining One

Shops:
D:5 (

Annotations:
D:3 Sigmund
D:6 3 runed translucent doors, Discosetron's ghost, novice OpCj


Message History

Aiming: Iceblast
Press: ? - help, Shift-Dir - straight line The mass of ice explodes!
The iceblast engulfs the centaur!
The centaur is severely wounded.
The iceblast engulfs the centaur!
The centaur is heavily wounded.
The centaur shouts!
A centaur comes into view.
The centaur shoots an arrow.
The arrow closely misses you.
The centaur wields a +0 vorpal shortbow.
The centaur shoots an arrow.
The arrow hits you.
The centaur shoots an arrow.
The arrow barely misses you.
Aiming: Iceblast
Press: ? - help, Shift-Dir - straight line The mass of ice explodes!
The iceblast engulfs the centaur!
You kill the centaur!
Kikubaaqudgha accepts your kill.
The iceblast engulfs the centaur!!
You kill the centaur!
Kikubaaqudgha accepts your kill.
The iceblast engulfs the centaur!
The centaur is heavily wounded.
The centaur shoots an arrow.
The arrow completely misses you.
The centaur shoots an arrow.
The arrow hits you!
The centaur wields a +0 shortbow.
The centaur shoots an arrow.
The arrow misses you.
Your Hexes skill increases to level 1!
Aiming: Iceblast
Press: ? - help, Shift-Dir - straight line The mass of ice explodes!
The iceblast engulfs the centaur!
The centaur is almost dead.
The centaur shoots an arrow.
The arrow hits you but does no damage.
The centaur shoots an arrow.
The arrow hits you!
The centaur shoots an arrow.
The arrow closely misses you.
The centaur shoots an arrow.
The arrow hits you but does no damage.
The centaur shoots an arrow.
The arrow hits you!
* * * LOW HITPOINT WARNING * * *
The centaur shoots an arrow.
The arrow hits you!
You die...
Kikubaaqudgha rasps: "You have failed me!
Welcome... death!"

.....###..........## #........#.
.....# ###'#####...# #.......###
###### #..## #...# #..........
###########..# #.^.# ###...#....
....#........# #...#### #.###..>.
##..#........###......###...#....
K##.#..........+.................
KK#.#........###..........#...###
K⌠#.#........##.@......?..#... #.
.~#........≈≈≈≈.###.......... #.
.##.......≈≈≈≈≈≈≈≈........... ..
##....≈≈≈≈≈≈≈≈≈≈≈≈≈≈≈..#..... ..
#..≈≈≈≈≈≈≈≈≈≈≈≈≈≈≈≈≈≈≈≈≈.....
..≈≈≈≈≈≈≈≈≈≈≈≈≈).≈≈≈≈≈≈≈≈....
..≈≈≈≈≈≈≈≈≈≈≈).c...≈≈≈≈≈≈....
..≈≈≈≈≈≈≈≈≈≈...c.cc.≈≈≈≈≈....
..≈≈≈≈≈≈≈≈≈≈..#'#...≈≈≈


You could see 2 centaurs.

Vanquished Creatures
  Menkaure (D:6)
  2 water moccasins (D:6)
  Pargi (Sewer)
  A sky beast (D:6)
  An ogre (D:4)
  2 centaurs (D:6)
  A phantom (D:5)
  A necrophage (D:4)
  A scorpion (D:5)
  A howler monkey (D:6)
  4 hounds
  3 orc priests
  Crazy Yiuf (D:2)
  2 jellies
  A gnoll bouda (D:6)
  Jessica (D:3)
  4 iguanas
  An orc wizard (D:3)
  Robin (D:2)
  10 adders
  6 gnolls (D:6)
  A white imp (D:4)
  3 worms
  A dart slug (D:2)
  17 orcs
  4 endoplasms
  7 giant cockroaches
  12 goblins
  11 hobgoblins
  3 jackals (D:5)
  2 kobolds (D:2)
  5 quokkas
  12 ball pythons
  7 bats
  8 frilled lizards
  4 rats
143 creatures vanquished.

Vanquished Creatures (others)
  2 fungi (D:6)
  A plant (D:6)
3 creatures vanquished.

Grand Total: 146 creatures vanquished

Notes
Turn   | Place    | Note
-------+----------+-------------------------------------------
     0 | D:1      | raph the Deep Elf Earth Elementalist began the quest for
                  | the Orb.
     0 | D:1      | Reached XP level 1. HP: 10/10 MP: 6/6
   275 | D:1      | Reached XP level 2. HP: 15/15 MP: 6/8
   310 | D:1      | Learned a level 2 spell: Passwall
   322 | D:1      | Reached skill level 4 in Earth Magic
   389 | D:1      | You fall into a shaft and drop 1 floor!
   451 | D:2      | Noticed Robin
   863 | D:1      | Found a faded altar of an unknown god.
   914 | D:1      | Reached XP level 3. HP: 19/19 MP: 6/9
   918 | D:1      | Learned a level 3 spell: Stone Arrow
  1454 | D:2      | Killed Robin
  1455 | D:2      | Reached skill level 1 in Conjurations
  1469 | D:2      | Reached skill level 5 in Earth Magic
  1718 | D:2      | Reached XP level 4. HP: 24/24 MP: 8/10
  2019 | D:2      | Found a runed translucent door.
  2020 | D:2      | Noticed Crazy Yiuf
  2026 | D:2      | Killed Crazy Yiuf
  2418 | D:3      | Noticed Sigmund
  2547 | D:3      | Reached XP level 5. HP: 28/28 MP: 7/11
  2952 | D:3      | Reached skill level 6 in Earth Magic
  2958 | D:3      | Noticed Jessica
  2960 | D:3      | Killed Jessica
  3296 | D:3      | Found a glowing golden altar of the Shining One.
  3296 | D:3      | Found a broken altar of Ashenzari.
  3302 | D:3      | Reached XP level 6. HP: 32/32 MP: 8/12
  3329 | D:3      | Found a faded altar of an unknown god.
  3331 | D:3      | Found a radiant altar of Vehumet.
  3332 | D:3      | Found an ancient bone altar of Kikubaaqudgha.
  3345 | D:3      | Became a worshipper of Kikubaaqudgha
  3767 | D:4      | Found a sacrificial altar of Ru.
  4065 | D:4      | Reached skill level 7 in Earth Magic
  4066 | D:4      | Reached skill level 5 in Conjurations
  4066 | D:4      | Reached XP level 7. HP: 29/36 MP: 5/13
  4435 | D:5      | Entered Level 5 of the Dungeon
  4696 | D:5      | Learned a level 4 spell: Petrify
  4918 | D:5      | Found Ofemim's Weapon Emporium.
  4941 | D:5      | Reached * piety under Kikubaaqudgha
  4941 | D:5      | Received a gift from Kikubaaqudgha
  5024 | D:5      | Reached skill level 1 in Necromancy
  5095 | D:5      | Found a shimmering blue altar of Sif Muna.
  5126 | D:5      | Found a sparkling altar of Nemelex Xobeh.
  5128 | D:5      | Found a glowing drain.
  5140 | Sewer    | Entered a sewer
  5209 | Sewer    | Noticed Pargi
  5216 | Sewer    | Killed Pargi
  5217 | Sewer    | Reached skill level 1 in Fighting
  5761 | D:5      | Learned a level 3 spell: Vampiric Draining
  5824 | D:5      | Found the +18 shield of the Gong {rElec rN+ Will+ EV-5}
  6231 | D:6      | Reached XP level 8. HP: 43/43 MP: 5/16
  6477 | D:6      | Found a staircase to the Ecumenical Temple.
  6650 | D:6      | Reached skill level 8 in Earth Magic
  6940 | D:6      | Reached ** piety under Kikubaaqudgha
  6998 | D:6      | Noticed Menkaure
  7000 | D:6      | Killed Menkaure
  7001 | D:6      | Reached skill level 5 in Spellcasting
  7168 | D:6      | Learned a level 4 spell: Anguish
  7323 | D:6      | Found a runed translucent gate.
  7323 | D:6      | Found a runed translucent gate.
  7323 | D:6      | Found a runed translucent gate.
  7324 | D:6      | Noticed a kobold demonologist
  7326 | D:6      | Noticed Discosetron's ghost (novice OpCj)
  7510 | D:6      | Reached skill level 1 in Hexes
  7511 | D:6      | Shot with an arrow by a centaur

Illustrated notes

Levels and vault maps discovered:
D:1:      wander_arrival_abandoned_jail, layout_basic,
          shapermc_ecumenical_altar_notcrosses, minmay_misc_feat_doors,
          minivault_5
D:2:      layout_basic, interstate_on_off, uniq_robin, uniq_crazy_yiuf_cottage
D:3:      layout_loops_ring, chequers_temple_overflow_minitemple, uniq_jessica,
          uniq_sigmund
D:4:      layout_basic, mainiacjoe_overflow_concentric_impassable
D:5:      layout_basic, mainiacjoe_overflow_catch_the_wave,
          cheibrodos_sewer_entry_bend, serial_shops,
          nicolae_shop_advertising_works [nicolae_subvault_shop_adworks],
          mrwooster_statue_mirror
D:6:      layout_basic, minmay_temple_entry_tees, gammafunk_ghost_nasty_kobolds,
          centaur_isle, uniq_menkaure

Skill      XL: |  1  2  3  4  5  6  7  8 |
---------------+-------------------------+-----
Earth Magic    | 4 5 6 7 8 |  8.7
Conjurations   | 1 2 3 5 |  5.3
Necromancy     | 2 3 |  3.7
Fighting       | 1 2 |  2.5
Dodging        | 3 4 |  4.7
Spellcasting   | 4 5 |  5.3
Hexes          | 1 |  1.1
Stealth        | |  2.4
Transmutations | |  1.1

Action                   |  1- 3 |  4- 6 |  7- 9 || total
-------------------------+-------+-------+-------++-------
Melee: Short sword       |     6 |    12 |       ||    18
       Dagger            |       |     2 |       ||     2
 Cast: Sandblast         |    50 |    59 |    40 ||   149
       Stone Arrow       |     2 |    11 |    37 ||    50
       Passwall          |       |     1 |       ||     1
       Petrify           |       |       |     1 ||     1
Evoke: Wand              |       |       |     3 ||     3
  Use: Scroll            |       |     8 |     3 ||    11
 Stab: Sleeping          |     3 |     1 |       ||     4
Armor: Robe              |     5 |       |       ||     5
       Animal skin       |       |     5 |     7 ||    12
Dodge: Dodged            |    18 |    30 |    54 ||   102
